Map: Ruby Rock LE

Players

HoldTheDoor - Winner!

  • Race: Protoss Protoss
  • League: Diamond
  • Spawn Location: 11:00

omax

  • Race: Protoss Protoss
  • League: Diamond
  • Spawn Location: 5:00

VOD

Have the link to the VOD?

Description

Time

  • Played on: May 12, 2026, 12:07 p.m.
  • Length: 4:42
Show
View Real Time Build Order
Export as new Build Order

HoldTheDoor Protoss - Winner!

Build Orders:  

Get SALT Encoding   

  12  0:00  Probe  
  13  0:12  Probe  
  14  0:18  Pylon  
  14  0:24  Probe  
  15  0:32  Probe  
  15  0:40  Gateway, Probe  
  16  0:48  Assimilator  
  17  0:50  Probe  
  18  1:05  Gateway  
  18  1:06  Probe  
  19  1:18  Probe  
  20  1:26  Pylon  
  20  1:31  Probe  
  21  1:33  Cybernetics Core  
  21  1:43  Probe  
  22  1:48  Pylon  
  22  1:55  Probe  
  23  2:10  Assimilator  
  25  2:18  Warp Gate  
  23  2:23  Gateway  
  23  2:26  Probe  
  23  2:29  Zealot x2  
  28  2:41  Robotics Facility  
  28  2:46  Robotics Facility  
  28  2:49  Probe  
  29  2:53  Stalker x2  
  33  3:18  Stalker  
  33  3:23  Immortal  
  33  3:25  Shield Battery  
  39  3:38  Pylon  
  39  3:52  Pylon  
  39  3:53  Immortal  
  43  4:12  Stalker  
  44  4:21  Stalker x2  
Show
View Real Time Build Order
Export as new Build Order

omax Protoss 

Build Orders: Oracle Opening 

Get SALT Encoding   

  1  0:00  Probe  
  12  0:05  Probe  
  14  0:16  Probe  
  15  0:28  Pylon  
  15  0:46  Forge, Probe  
  15  0:49  Gateway  
  16  0:55  Assimilator  
  16  1:02  Assimilator  
  16  1:10  Probe  
  16  1:12  Assimilator  
  17  1:21  Probe  
  17  1:33  Probe  
  17  1:38  Cybernetics Core  
  18  1:45  Probe  
  18  1:47  Pylon  
  19  1:57  Probe  
  20  2:05  Probe  
  20  2:13  Stalker  
  20  2:14  Probe  
  21  2:16  Stargate  
  21  2:18  Warp Gate  
  24  2:27  Gateway  
  24  2:33  Pylon  
  24  2:37  Probe  
  25  2:49  Probe  
  26  2:59  Stalker  
  26  3:00  Oracle  
  26  3:01  Probe  
  32  3:13  Probe  
  33  3:20  Gateway  
  33  3:26  Probe  
  34  3:38  Probe  
  35  3:43  Nexus  
  35  3:49  Pylon  
  35  3:51  Probe  
  36  4:03  Probe  
  37  4:16  Probe  
  38  4:27  Pylon  
Tags
 
Matchup
PvP
Replay Pack
SC2Mai2026
Spawn Locations
Cross Positions
Add a new tag
Caveats
  • Supply blocks, unpowered buildings, or Contaminate may cause inaccurate times.
  • Supply counts are checked every 10 seconds.